[Event "Early-Titled-Tuesday-Blitz-January-16-2024"]
[Site "Chess.com"]
[Date "2024.01.16"]
[Round "5"]
[White "SnekkerAndersen"]
[Black "Zohid6"]
[Result "1/2-1/2"]
[WhiteElo "2645"]
[BlackElo "2815"]
[TimeControl "180+1"]
[EndTime "9:00:15 PST"]
[Termination "Game drawn by repetition"]

1. d4 e6 2. e4 d5 3. Nc3 Nf6 4. e5 Nfd7 5. f4 c5 6. Nf3 Nc6 7. Be3 Qb6 8. Na4 Qa5+ 9. c3 b6 10. Kf2 Ba6 11. Bxa6 Qxa6 12. b3 Be7 13. a3 O-O 14. b4 cxd4 15. cxd4 Rac8 16. Rc1 f6 17. Qb3 Qb7 18. Kg3 g5 19. Rhe1 gxf4+ 20. Bxf4 fxe5 21.
Bxe5 Ncxe5 22. dxe5 Rxc1 23. Rxc1 Qb8 24. Qe3 Qe8 25.
h3 Kh8 26. Kh2 Rg8 27. Nb2 Nf8 28. Nd3 Ng6 29. Nf4 Nxf4 30. Qxf4 Qg6 31. Rg1 Rf8 32. Qe3 Rc8 33. Rf1 Rg8 34. g4 Rf8 35. Qe2 Qh6 36.
Kg2 Qf4 37. Nh2 Qd4 38. Rxf8+ Bxf8 39. Nf3 Qc3 40. Ng5 Qc8 41. Qf2 Bg7 42. Qf7 Qg8 43.
Qxg8+ Kxg8 44. Nxe6 Bxe5 45. Kf3 Kf7 46. Nf4 Bb2 47.
a4 d4 48. Ke4 Kf6 49. h4 h6 50. Nd5+ Ke6 51. Nc7+ Kd7 52. Nb5 a6 53. Nxd4 Bc3 54. b5 axb5 55. axb5 Be1 56. Nf5 Ke6 57. h5 Bd2 58.
Nd4+ Kd6 59. Nf3 Bc1 60. Kf5 Kc5 61. g5 hxg5 62. Nxg5 Kxb5 63. h6 Ka4 64. Ne4 Bxh6 65. Ke6 Kb3 66. Kd5 Be3 67. Nd6 Bc5 68. Nb5 Ka4 69. Kc6 Ka5 70. Na7 Bg1 71. Nb5 Bf2 72. Na7 Bg1 73. Nb5 Ka6 74. Nc7+ Ka5 75. Nb5 1/2-1/2

[Event "Early-Titled-Tuesday-Blitz-January-16-2024"]
[Site "Chess.com"]
[Date "2024.01.16"]
[Round "5"]
[White "GeorgiosSouleidis"]
[Black "alexrustemov"]
[Result "1-0"]
[WhiteElo "2668"]
[BlackElo "2846"]
[TimeControl "180+1"]
[EndTime "9:00:16 PST"]
[Termination "GeorgiosSouleidis won on time"]

1. e4 e6 2. d4 d5 3. Nc3 Bb4 4. Ne2 dxe4 5. a3 Bxc3+ 6. Nxc3 Nc6 7. d5 exd5 8. Qxd5 Be6 9. Qxe4 Nf6 10. Qa4 Qd4 11. Bb5 Qxa4 12. Bxa4 Bd7 13. Bg5 O-O-O 14. O-O-O Ne5 15. Bb3 Bc6 16. f3 h6 17. Bf4 Ng6 18.
Bg3 Rxd1+ 19. Rxd1 Rf8 20. Nd5 Nxd5 21. Bxd5 Bxd5 22.
Rxd5 c6 23. Rd3 Re8 24. Kd2 Nf8 25. Bf2 b6 26. a4 Rd8 27. Rxd8+ Kxd8 28. Kd3 Ne6 29.
Be3 h5 30. g4 hxg4 31. fxg4 Ke7 32. Ke4 Kf6 33. h4 g6 34. b3 Ke7 35. a5 c5 36.
axb6 axb6 37. Kd5 Kd7 38. h5 gxh5 39. gxh5 f6 40. h6 Nf8 41. c4 Nh7 42. Bd2 Nf8 43. Bc1 Nh7 44. Bb2 Ke7 45. Kc6 f5 46. Kxb6 Kd6 47.
Bc1 Nf6 48. Bf4+ Ke6 49. Kxc5 Ne4+ 50. Kd4 Kf6 51. b4 Nf2 52. b5 Nh3 53. Be5+ Kg6 54. b6 Ng5 55. b7 Ne6+ 56. Kd5 Ng5 57. b8=Q Kxh6 58. Qh8+ Kg6 59. Qg7+ Kh5 60. Bf4 Ne4 61. Qh6+ Kg4 62. Be3 Ng3 63. Qf4+ Kh3 64. Bf2 Ne4 65.
Qh4+ Kg2 66. c5 Nxf2 67. Qg5+ Ng4 68. c6 Kf3 69. c7 Ne3+ 70. Kd6 f4 71. c8=Q Ke4 72.
Qh3 Nc4+ 73. Ke7 Ne5 74. Qh1+ f3 75. Qxe5+ Kxe5 76. Qxf3 Kd4 77. Qf6+ Kd5 78. Qe6+ 1-0

[Event "Early-Titled-Tuesday-Blitz-January-16-2024"]
[Site "Chess.com"]
[Date "2024.01.16"]
[Round "5"]
[White "Msb2"]
[Black "ValentinDragnev"]
[Result "1/2-1/2"]
[WhiteElo "3051"]
[BlackElo "2779"]
[TimeControl "180+1"]
[EndTime "9:00:21 PST"]
[Termination "Game drawn by repetition"]

1. d4 d5 2. c4 e6 3. Nc3 c5 4. cxd5 cxd4 5. Qa4+ Bd7 6. Qxd4 exd5 7. Qxd5 Nf6 8. Qd1 Bc5 9. e3 O-O 10. Nf3 Qe7 11. Be2 Rd8 12. O-O Nc6 13. a3 Rac8 14. b4 Bf5 15. Qb3 Be6 16. Qb1 Bd6 17. Bb2 Ne5 18.
Rd1 Nfg4 19. h3 Nxf3+ 20. Bxf3 Ne5 21. Be2 Nc4 22. Bxc4 Rxc4 23. Ne2 Qg5 24. Nf4 Bxf4 25. exf4 Rxf4 26. Rxd8+ Qxd8 27. Qe1 Rf5 28. Rc1 Rd5 29.
Qc3 f6 30. Qf3 Qd7 31. Qg3 Rd1+ 32. Rxd1 Qxd1+ 33. Kh2 Kf7 34. Qb8 Qd2 35. Qxb7+ Kg6 36. Qe4+ Bf5 37. Qd4 Qxd4 38. Bxd4 a6 39. Kg3 Be4 40.
f3 Bc6 41. Kf4 Kf7 42. h4 h5 43. Bc3 Ke6 44. g4 g6 45. Ke3 f5 46. gxh5 gxh5 47. Kf4 Bb7 48. a4 Bc6 49. b5 axb5 50. a5 Bb7 51. Bb4 Kf6 52. Bc5 Ke6 53. Ba3 Kf6 54. Bb4 Ke6 55. Bc3 Kf7 56. Kxf5 Bxf3 57. Ke5 Ke7 58. Kf4 Bb7 59. Kg5 Bf3 60. a6 Kd7 61.
Kf4 Ba8 62. Kg5 Bf3 63. a7 Kc8 64. Bd4 Kb7 65. Kf4 Bg4 66. Ke5 Ka8 67. Kd5 b4 68. Kc4 b3 69. Kxb3 Bf3 70. Kc3 Bg4 71. Be3 Bf3 72.
Kd2 Bg4 73. Ke1 Bf5 74. Kf2 Bg4 75. Kg3 Be6 76. Kf4 Bg4 77. Kg5 Bd1 78. Bf2 Be2 79. Kf5 Bd1 80. Kf6 Be2 81. Ke5 Bd1 82. Kf4 Be2 83. Ke3 Bd1 84. Kd2 Bg4 85. Kd3 Bf3 86. Ke3 Bg4 87. Ke4 Bd1 88. Kf4 Bg4 89. Kg5 Bd1 90. Bg1 Bg4 91. Bf2 Bd1 92. Bg1 Bg4 93. Bf2 1/2-1/2

[Event "Early-Titled-Tuesday-Blitz-January-16-2024"]
[Site "Chess.com"]
[Date "2024.01.16"]
[Round "5"]
[White "ChessGiantYouTube"]
[Black "LeoLV10"]
[Result "1-0"]
[WhiteElo "2212"]
[BlackElo "2437"]
[TimeControl "180+1"]
[EndTime "9:00:28 PST"]
[Termination "ChessGiantYouTube won by resignation"]

1. g3 Nf6 2. Bg2 g6 3. d3 Bg7 4. e3 O-O 5. h3 d6 6. Ne2 e5 7. b3 Nbd7 8. Bb2 Re8 9. Nd2 c6 10. a3 Rb8 11. c4 Qe7 12. Qc2 Nf8 13. b4 Bd7 14. Nb3 Qd8 15. d4 e4 16. Nc3 Qe7 17. d5 Rbc8 18. Qd2 cxd5 19. cxd5 Rc7 20. O-O Rec8 21. Rac1 h5 22. Rc2 Bf5 23. Rfc1 N8d7 24. Nb5 Rxc2 25. Rxc2 Rxc2 26. Qxc2 Nxd5 27. Bxg7 Kxg7 28.
Nxa7 Ne5 29. Nd4 Nf6 30. Nc8 Bxc8 31. Qxc8 d5 32. Bf1 h4 33. g4 Nf3+ 34. Nxf3 exf3 35. Qc5 Qe6 36. Qd4 g5 37. a4 Qc6 38. b5 Qc1 39. a5 Kg6 40. a6 bxa6 41. bxa6 Ne4 42.
a7 Qe1 43. Qb2 Ng3 44. fxg3 Qxg3+ 45. Kh1 f2 46. Bg2 Qxe3 47. Qb1+ Kg7 48. a8=Q Qe1+ 49. Qxe1 fxe1=Q+ 50. Kh2 Qg3+ 51. Kg1 Qe1+ 52. Kh2 Qe5+ 53. Kh1 d4 54. Qe4 Qf6 55. Qd3 Qe5 56. Be4 f6 57.
Bf5 Qe1+ 58. Kg2 Qe7 59. Qe4 Qc7 60. Kf3 Qf7 61. Ke2 Qd7 62. Kd3 Qb5+ 63. Kd2 Qb2+ 64.
Kd3 Qc3+ 65. Ke2 Qb2+ 66. Kf3 Qc3+ 67. Qd3 Qe1 68. Qxd4 Qh1+ 69. Ke3 Qg1+ 70. Kd3 Qg3+ 71. Kc4 Qc7+ 72. Qc5 Qf4+ 73. Kb5 Qb8+ 74. Qb6 Qe5+ 75. Ka6 Qe2+ 76. Qb5 Qe5 77. Qxe5 fxe5 78. Kb5 Kf6 79. Kc4 e4 80. Kd4 Ke7 81. Kxe4 Kf6 82. Kd4 Ke7 83.
Ke5 Kf7 84. Kd6 Kg7 85. Ke6 Kh6 86. Be4 Kg7 87. Kf5 Kh6 88. Bf3 Kg7 89. Kxg5 Kh8 90. Kxh4 Kg7 91. Kg3 Kh6 92. h4 Kg6 93. h5+ Kh6 94. Kh4 Kg7 95. g5 Kh7 96. h6 Kg6 97. Be4+ Kf7 98. Bh7 Kf8 99. g6 Ke7 100. g7 Kf7 101.
g8=Q+ Ke7 102. Qg7+ 1-0

[Event "Early-Titled-Tuesday-Blitz-January-16-2024"]
[Site "Chess.com"]
[Date "2024.01.16"]
[Round "5"]
[White "hmatyi07"]
[Black "cthulhuuu"]
[Result "1-0"]
[WhiteElo "2199"]
[BlackElo "2395"]
[TimeControl "180+1"]
[EndTime "9:00:33 PST"]
[Termination "hmatyi07 won on time"]

1. e4 d6 2. d4 Nf6 3. Nc3 c6 4. Be3 b5 5. f3 e5 6. dxe5 dxe5 7.
Qxd8+ Kxd8 8. O-O-O+ Kc7 9. Kb1 Be6 10. a3 Nbd7 11.
Nge2 a5 12. Nc1 b4 13. axb4 axb4 14. N3e2 Nc5 15. b3 Be7 16. Nd3 Nxd3 17. Rxd3 Ra5 18. Nc1 Rha8 19. Be2 Ra1+ 20. Kb2 Nd7 21. Rhd1 Nc5 22.
R3d2 R8a3 23. Bf2 Bg5 24. Bxc5 Bxd2 25. Rxd2 Ra8 26. Bxb4 Kb6 27. Bc3 f6 28. Bc4 Bxc4 29. bxc4 Kc7 30. Bb4 R1a4 31. c3 Ra1 32. Bd6+ Kc8 33.
Bb4 Kc7 34. Kc2 Kb6 35. Kb2 c5 36. Rd6+ Kc7 37. Bxc5 R1a5 38. Bb4 Rb8 39. Rd5 Ra6 40. Rb5 Rba8 41. Rc5+ Kd7 42. Rd5+ Ke6 43. Nb3 Kf7 44.
Nc5 Ra1 45. Rd7+ Kg6 46. Kc2 R8a2+ 47. Kd3 Rd1+ 48. Ke3 Re1+ 49. Kd3 Rd1+ 50. Ke3 Rf1 51. Kd3 Rff2 52. Nb3 Rab2 53. Nc1 Rbd2+ 54. Ke3 Rxd7 55. Kxf2 Rd2+ 56. Kg3 Rc2 57. Nb3 Kf7 58. Nc5 g5 59. Kg4 Kg6 60. Kg3 h5 61. h3 h4+ 62. Kh2 Kf7 63.
Nb7 Kg6 64. Nd6 Kg7 65. Nf5+ Kg6 66. c5 Ra2 67. Nd6 Ra8 68. Nb5 Rb8 69. Nd6 Ra8 70.
Nc4 Ra7 71. Na5 Ra6 72. c6 Ra7 73. Nb7 Ra8 74. c7 Rc8 75. Ba5 Kf7 76. Nd6+ Ke6 77.
Nxc8 Kd7 78. Nb6+ 1-0

[Event "Early-Titled-Tuesday-Blitz-January-16-2024"]
[Site "Chess.com"]
[Date "2024.01.16"]
[Round "5"]
[White "KnightmareJoker"]
[Black "effefe"]
[Result "0-1"]
[WhiteElo "2086"]
[BlackElo "2301"]
[TimeControl "180+1"]
[EndTime "9:00:34 PST"]
[Termination "effefe won by resignation"]

1. e4 c5 2. Nf3 d6 3. d4 cxd4 4. Nxd4 Nf6 5. Nc3 g6 6. Be2 Bg7 7. O-O O-O 8. Nb3 Nc6 9. Re1 a5 10. a4 Be6 11. Bf1 Rc8 12. Nd5 Bxd5 13. exd5 Nb4 14.
c4 Nd7 15. Nd4 Nc5 16. Be3 Qd7 17. b3 e5 18. dxe6 fxe6 19. Rb1 Ne4 20. Qg4 Nc5 21. g3 Nbd3 22. Red1 Ne5 23. Qe2 Qf7 24. f4 Ned7 25. Bh3 Rce8 26. Nb5 d5 27. Nd6 Qe7 28. Nxe8 Rxe8 29.
Bxc5 Qxc5+ 30. Qf2 d4 31. Rd3 Nf8 32. Qf3 Qb6 33.
Re1 Bf6 34. Qe4 Kg7 35. g4 h6 36. g5 hxg5 37. fxg5 Bxg5 38. Qxd4+ Qxd4+ 39. Rxd4 Be7 40. Rde4 Bc5+ 41. Kg2 Kf6 42. Rf1+ Kg7 43. Ref4 Rd8 44. Rf7+ Kg8 45. Rxb7 Rd2+ 46. Kg3 Bd6+ 47. Kg4 Bxh2 48. Rff7 Be5 49. c5 Rd4+ 50. Kf3 Rd1 51. c6 Rc1 52. Ke4 Bd6 53. c7 Re1+ 54. Kd3 Rd1+ 55. Ke2 Rc1 56.
c8=Q Rxc8 57. Rxf8+ Kxf8 58. Bxe6 Re8 59. Kd3 Rxe6 60.
Ra7 Bb4 61. Kc4 Re4+ 62. Kd5 Re3 63. Kc6 Rxb3 64. Kb5 Rc3 65. Ra8+ Kg7 66. Ra6 g5 67. Rd6 g4 68. Re6 g3 69. Re2 Kf6 70. Re4 Kg5 71.
Re8 Kf4 72. Rf8+ Ke3 73. Re8+ Kf2 74. Re6 g2 75. Rf6+ Kg1 76. Rg6 Rc2 77. Rf6 Rf2 78.
Rh6 Kf1 79. Rg6 g1=Q 80. Kc4 Qxg6 81. Kb5 Rf5+ 82. Kc4 Qg4+ 0-1

[Event "Early-Titled-Tuesday-Blitz-January-16-2024"]
[Site "Chess.com"]
[Date "2024.01.16"]
[Round "5"]
[White "mbojan"]
[Black "chucksterf10"]
[Result "1/2-1/2"]
[WhiteElo "2877"]
[BlackElo "2662"]
[TimeControl "180+1"]
[EndTime "9:00:45 PST"]
[Termination "Game drawn by 50-move rule"]

1. a3 e5 2. e3 d5 3. d4 exd4 4. exd4 Nf6 5. Bd3 Bd6 6. Ne2 O-O 7. Nbc3 c6 8. O-O h6 9. Bf4 Re8 10. Qd2 Be6 11. Rae1 a5 12. f3 b5 13. Bxd6 Qxd6 14. Qf4 Qd7 15. g4 Na6 16. Ng3 Qc7 17. Qxc7 Nxc7 18. h4 Bd7 19. Kf2 Ne6 20. Nce2 b4 21.
Ra1 c5 22. dxc5 Nxc5 23. axb4 axb4 24. Nd4 g6 25. Nge2 Rec8 26. b3 Kg7 27. Nf4 Ne6 28. Nfe2 Nc5 29. Rfd1 Kf8 30. Re1 Re8 31. Nf4 Rxe1 32.
Rxa8+ Re8 33. Ra7 Rc8 34. g5 hxg5 35. hxg5 Nh5 36. Nxd5 Be6 37. Nf6 Nxd3+ 38. cxd3 Nf4 39. Rb7 Nh3+ 40. Ke3 Nxg5 41. Rxb4 Kg7 42. Ne4 Nxe4 43. Nxe6+ fxe6 44. fxe4 g5 45. Rb7+ Kf6 46. b4 g4 47.
Kf4 Rc3 48. Rd7 Rb3 49. e5+ Kg6 50. Kxg4 Rxb4+ 51. d4 Rb1 52. Kf4 Rf1+ 53. Ke4 Re1+ 54. Kd3 Rd1+ 55. Ke3 Re1+ 56. Kd2 Ra1 57. Kd3 Rd1+ 58.
Kc3 Kf5 59. Rh7 Rc1+ 60. Kd3 Rd1+ 61. Ke3 Re1+ 62. Kd2 Ra1 63. Rh4 Ra3 64. Kc2 Rg3 65.
Kd2 Ra3 66. Ke2 Rb3 67. Kf2 Ra3 68. Kg2 Rb3 69. Rh8 Ke4 70. Rd8 Rd3 71. Rd6 Rxd4 72. Rxe6 Rd5 73. Re8 Rxe5 74. Ra8 Rd5 75. Kg3 Rd3+ 76.
Kg4 Rd4 77. Re8+ Kd3+ 78. Kf3 Rd7 79. Re1 Rf7+ 80. Kg4 Kd2 81. Re8 Rg7+ 82. Kf5 Rd7 83. Re6 Rd5+ 84. Ke4 Rd3 85. Ra6 Re3+ 86. Kf4 Rc3 87.
Ra4 Kd3 88. Kf3 Rc7 89. Ra3+ Kd4 90. Re3 Rf7+ 91. Ke2 Rh7 92. Rd3+ Ke4 93. Re3+ Kd4 94. Rd3+ Ke4 95. Rd8 Rh2+ 96. Kd1 Ke3 97. Re8+ Kd3 98. Rd8+ Ke3 99. Kc1 Rg2 100. Rh8 Kd3 101. Rh3+ Kd4 102. Kd1 Rf2 103. Ke1 Ra2 104. Rg3 Kc4 105. Kd1 Ra1+ 106. Kc2 Rh1 107. Rg2 Rh4 108. Kd2 Rd4+ 109. Ke3 Rd3+ 110. Ke4 Rd4+ 111. Ke5 Rd5+ 112. Ke6 Rd3 113. Ke5 Re3+ 114. Kf4 Re8 115. Rg7 Rf8+ 116. Ke5 Re8+ 117. Kf6 Rd8 118. Rf7 Kd5 119. Kg7 Ke6 120. Rf6+ Ke5 121. Rf7 Rd6 122. Rf8 Rd7+ 123. Kg6 Rd1 1/2-1/2

[Event "Early-Titled-Tuesday-Blitz-January-16-2024"]
[Site "Chess.com"]
[Date "2024.01.16"]
[Round "5"]
[White "crescentmoon2411"]
[Black "Duhless"]
[Result "1-0"]
[WhiteElo "2948"]
[BlackElo "3144"]
[TimeControl "180+1"]
[EndTime "9:00:59 PST"]
[Termination "crescentmoon2411 won on time"]

1. d4 Nf6 2. c4 g6 3. Nf3 Bg7 4. g3 O-O 5. Bg2 d6 6. O-O Re8 7. Nc3 Bd7 8. b3 e5 9. dxe5 dxe5 10.
Bb2 Nc6 11. h3 e4 12. Ne1 e3 13.
f4 Qe7 14. Nd3 Rad8 15. Nd5 Nxd5 16. Bxg7 Nxf4 17. Nxf4 Kxg7 18. Nd5 Qe5 19. Qe1 Nd4 20. Rd1 Be6 21. Rd3 Bxd5 22. Bxd5 f6 23. Rf4 Nf5 24.
Kh2 c6 25. Be4 Rxd3 26. Bxd3 Nd6 27. b4 g5 28. Rf3 h5 29. c5 Nf7 30. Rf5 Qc7 31.
Qc3 Re5 32. Rf3 h4 33. Kg2 hxg3 34. Qd4 Qe7 35. a3 Nd8 36. Qg4 Qf7 37. h4 Ne6 38.
Rxg3 Kf8 39. Rf3 Nf4+ 40. Rxf4 gxf4 41. Qxf4 Qg7+ 42. Kh3 Ke7 43. a4 Qg1 44. Qf3 Qf2 45. Qg4 Qf1+ 46. Kh2 Qf2+ 47. Kh3 Kf8 48. b5 cxb5 49.
axb5 Rxc5 50. Qg6 Qf1+ 51. Kh2 Qf2+ 52. Kh3 b6 53. Qh6+ Ke7 54. Qg7+ Ke6 55. Qg8+ Ke5 56. Qe8+ Kd4 57. Qe4+ Kc3 58. Qe6 Qf1+ 59. Kh2 Qf2+ 60. Kh3 Re5 61. Qc6+ Rc5 62. Qd6 Qf1+ 63. Kh2 Qf2+ 64. Kh3 Kb3 65. Qe6+ Kb4 66. Qe4+ Ka5 67. Qd4 Qf1+ 68. Kh2 Qe1 69. Kh3 Qb4 70. Qa1+ Qa4 71.
Qxf6 Qa3 72. Qd4 Qc3 73. Qxe3 Kb4 74. Qf4+ Ka3 75. Qf8 Kb2 76. Qf3 Kc1 77. Qf1+ Kb2 78.
Qf3 Qe5 79. Kg2 Kc1 80. Kh3 Kd2 81. Qg4 Qe3+ 82. Kh2 Ke1 83. Kg2 Qf2+ 84. Kh3 Re5 85. Qb4+ Kd1 86. Qb1+ Kd2 87. Qb2+ 1-0

[Event "Early-Titled-Tuesday-Blitz-January-16-2024"]
[Site "Chess.com"]
[Date "2024.01.16"]
[Round "5"]
[White "DDTerziev04"]
[Black "JCVanDamme10"]
[Result "1/2-1/2"]
[WhiteElo "2156"]
[BlackElo "2310"]
[TimeControl "180+1"]
[EndTime "9:01:00 PST"]
[Termination "Game drawn - insufficient material"]

1. e4 c5 2. Nf3 e6 3. d4 cxd4 4. Qxd4 a6 5. c4 d6 6. Nc3 Nf6 7. Be2 Be7 8. O-O O-O 9. h3 Nc6 10. Qe3 Ne5 11. Rd1 Qc7 12. b3 b6 13. Bb2 Bb7 14. Rac1 Rac8 15. Nd2 Ng6 16. Kh1 Nd7 17. f4 d5 18. exd5 Qxf4 19. Nf1 Bg5 20. Qxf4 Nxf4 21. Bf3 exd5 22. cxd5 Ne5 23. Be4 Nfd3 24. Bxd3 Nxd3 25. Rxd3 Bxc1 26. Bxc1 Bxd5 27. Rxd5 Rxc3 28. Bd2 Rc2 29. Ne3 Rxa2 30. Nf5 h6 31. Bc3 Rc8 32. Bxg7 Rc1+ 33. Kh2 Rcc2 34. Ne3 Kxg7 35. Nxc2 Rxc2 36. Rd6 b5 37. Rxa6 Rc3 38. Rb6 Rxb3 39. h4 h5 40. g3 Rb2+ 41. Kh3 b4 42. Rb5 Kg6 43. Rg5+ Kh6 44.
Rb5 f6 45. Rb6 Kg6 46. Rb5 Rb3 47. Kg2 Rb2+ 48. Kf3 Rb3+ 49. Kf4 Rb1 50. g4 Rf1+ 51. Kg3 Rg1+ 52. Kh3 Rxg4 53. Rb6 Rc4 54. Kg3 Rc3+ 55.
Kf4 Rc4+ 56. Kg3 Rg4+ 57. Kh3 Rd4 58. Kg3 Rc4 59. Rb5 Rc3+ 60. Kg2 b3 61. Rb8 Kf5 62. Rb4 Rd3 63. Kf2 Ke5 64. Ke2 Rh3 65. Kf2 Kf5 66.
Kg2 Rc3 67. Kf2 Rd3 68. Ke2 Rg3 69. Kf2 Rg4 70. Rb5+ Kg6 71. Rxb3 Rxh4 72. Kg3 Rg4+ 73. Kf3 Ra4 74. Rb8 Ra5 75. Kg3 Kg5 76. Rg8+ Kf5 77. Rb8 Kg6 78. Rb4 Kg5 79. Rb8 f5 80. Rg8+ Kf6 81.
Rf8+ Kg6 82. Rg8+ Kh7 83. Rf8 Kg6 84. Rb8 Ra3+ 85. Kf4 Ra4+ 86. Kg3 f4+ 87. Kf3 Kg5 88.
Rg8+ Kh4 89. Rg1 Ra3+ 90. Kxf4 Kh3 91. Rh1+ Kg2 92. Rxh5 Ra4+ 93. Kg5 Ra5+ 94. Kg6 Rxh5 95. Kxh5 1/2-1/2

[Event "Early-Titled-Tuesday-Blitz-January-16-2024"]
[Site "Chess.com"]
[Date "2024.01.16"]
[Round "5"]
[White "chess_blitz00"]
[Black "Bekkedahl"]
[Result "1/2-1/2"]
[WhiteElo "2475"]
[BlackElo "2296"]
[TimeControl "180+1"]
[EndTime "9:01:15 PST"]
[Termination "Game drawn by repetition"]

1. d4 Nf6 2. Nf3 g6 3. b3 Bg7 4. Bb2 O-O 5. Nbd2 d6 6. e4 e5 7. dxe5 dxe5 8. Bxe5 Re8 9. Bxf6 Bxf6 10. Rb1 Bc3 11. Bd3 Nc6 12. O-O Bg4 13. h3 Bxd2 14. hxg4 Bc3 15. Bc4 Rxe4 16. Qxd8+ Rxd8 17. Bxf7+ Kg7 18. Bc4 Rxg4 19. Rfd1 Nd4 20. Nxd4 Rgxd4 21. Rxd4 Bxd4 22.
Re1 Bc5 23. Bd3 Rd7 24. Kf1 Rf7 25. f3 Kf6 26. Re4 Re7 27. Rf4+ Ke5 28. Rf8 Kd4 29. Rd8+ Kc3 30. Be4 b6 31. Rd5 a5 32. Ke2 g5 33.
Kd1 h6 34. Rd3+ Kb2 35. c4 Kxa2 36. Kc2 Ka3 37. Rd1 Kb4 38. Kb2 b5 39. cxb5 Kxb5 40. Bd3+ Kb6 41. Be4 Bd6 42. Kc3 Re5 43. Kb2 Rc5 44. Rh1 Bf8 45. Kb1 Rc3 46. Bc2 Re3 47. Rd1 Re2 48. g4 Bd6 49. Rd3 Rf2 50. Kb2 Be5+ 51. Kc1 Rf1+ 52. Kd2 Rf2+ 53. Kd1 Kc6 54. Re3 Kd6 55. Be4 c5 56. Rd3+ Bd4 57. Rd2 Ke5 58.
Rc2 Rxc2 59. Kxc2 Kf4 60. Kd3 Ke5 61. Kc4 Kd6 62. Kb5 Bc3 63. Kc4 Bb4 64. Kb5 Ke5 65. Kc4 Kf4 66. Bc6 Kg3 67. Kd3 Kh4 68. Ke4 Kg3 69. Kf5 Kf2 70. Kg6 Ke3 71. Kxh6 Kf4 72. Kg6 Bc3 73. Kf7 Bd4 74. Ke6 Be3 75. Kd6 Bd4 76.
Be4 Be3 77. Kc6 Bd4 78. Kb5 Bc3 79. Kxc5 Bb4+ 80. Kb5 Be1 81. Kc4 Bd2 82. Kd3 Be1 83. Bd5 Bb4 84. Ke2 Bc3 85. Kd1 Bb4 86. Kc2 Be1 87. Kd3 Bb4 88. Kc4 Be1 89. Kb5 Bb4 90. Ka4 Be1 91. Be4 Bb4 92. Bc6 Be1 93. Bb7 Bb4 94. Ba8 Be1 95. Ka3 Bb4+ 96. Kb2 Be1 97. Kc2 Bb4 98. Kc1 Be1 99. Kd1 Bb4 100. Ke2 Bc3 101. Kf1 Bb4 102. Kf2 Bc3 103. Bb7 Bb4 104. Ke2 Bc3 105. Kd3 Bb4 106. Kc4 Ke3 107. Kd5 Be1 108. Ke5 Bd2 109. Kf5 Kd4 110. Bc6 Kc5 111. Be8 Kb4 112. Ba4 Bf4 113. Ke4 Bd2 114. Kd3 Bf4 115. Kd4 Bc1 116. Kd3 Bf4 117. Kc2 Be3 118. Kd1 Bf4 119. Ke2 Bc1 120. Kd3 Bf4 1/2-1/2

[Event "Early-Titled-Tuesday-Blitz-January-16-2024"]
[Site "Chess.com"]
[Date "2024.01.16"]
[Round "5"]
[White "elchacal664"]
[Black "FREDERICKtheMATE"]
[Result "1/2-1/2"]
[WhiteElo "2371"]
[BlackElo "2562"]
[TimeControl "180+1"]
[EndTime "9:01:20 PST"]
[Termination "Game drawn by repetition"]

1. e4 c5 2. Nc3 Nc6 3. Bc4 e6 4. d3 Be7 5. f4 d6 6. Nf3 a6 7. a4 Nf6 8. O-O O-O 9. Kh1 d5 10. Bb3 Nd4 11. e5 Nxb3 12. exf6 Nxa1 13. fxe7 Qxe7 14.
Bd2 Nxc2 15. Qxc2 Bd7 16. Ne5 f6 17. Nxd7 Qxd7 18. Re1 Rfd8 19. a5 Qc6 20. Na4 Rac8 21. Nb6 Rc7 22. Qd1 Re7 23. Qf3 Rde8 24. b4 cxb4 25.
Bxb4 Rd7 26. Nxd7 Qxd7 27. Bc5 Qb5 28. Bb6 Rc8 29. h3 Qc6 30. Qe3 Kf7 31. Qf3 Kg8 32. Qg4 Kf7 33. Qh5+ Kg8 34. Qe2 Kf7 35. Kh2 Qd6 36.
Be3 d4 37. Bxd4 Qxf4+ 38. Kh1 e5 39. Bg1 Qb4 40. Qe4 Qxa5 41. Qxb7+ Rc7 42. Qb3+ Kg6 43. Rf1 h6 44. Qe6 Kh7 45. Rb1 Qd2 46. Qf5+ Kg8 47. Rb8+ Kf7 48. Qe4 Qa2 49. Rb7 Rxb7 50. Qxb7+ Kg6 51.
Qe4+ Kf7 52. d4 exd4 53. Qxd4 Qe6 54. Qa7+ Kg6 55. Kh2 Qe5+ 56. Kh1 Qe6 57. Qf2 Kf7 58.
Qf3 Kg6 59. Qg3+ Kf7 60. Qa3 Kg6 61. Bc5 Qc4 62. Kh2 Kf7 63. Kh1 Qf1+ 64. Bg1 Qc4 65. Qc5 Qe6 66. Qa3 Qc4 67. Qc5 Qe6 68. Qb6 Qc4 69. Qb7+ Kg6 70. Qb2 Kf7 71. Qa3 Qe6 72.
Qb4 Qe2 73. Qb7+ Kg6 74. Qb6 Kf7 75. Qb7+ Kg6 76. Qb6 Kf7 77. Qa5 Qd3 78. Qb6 Kg6 79. Qa5 Kf7 80. Qa1 Qb5 81. Bh2 a5 82. Bf4 a4 83. Bc1 Qf1+ 84. Kh2 Qc4 85. Be3 Qb3 86. Bc5 Qb8+ 87. Kh1 Qb3 88. Qa3 Qd1+ 89. Kh2 h5 90.
Qb4 Kg6 91. Qe4+ Kf7 92. Qb7+ Kg6 93. Qe4+ Kf7 94. Bf2 Qb3 95. Qf5 g6 96. Qd7+ Kg8 97.
Qd8+ Kg7 98. Qe7+ Qf7 99. Qb4 Qd7 100. Bd4 Qc7+ 101. Kg1 Qc1+ 102. Kh2 Qc7+ 103. Kh1 Qc1+ 104. Kh2 Qc7+ 1/2-1/2

[Event "Early-Titled-Tuesday-Blitz-January-16-2024"]
[Site "Chess.com"]
[Date "2024.01.16"]
[Round "5"]
[White "sokidze"]
[Black "artooon"]
[Result "1/2-1/2"]
[WhiteElo "2798"]
[BlackElo "2969"]
[TimeControl "180+1"]
[EndTime "9:02:49 PST"]
[Termination "Game drawn by 50-move rule"]

1. d4 d5 2. c4 e6 3. Nf3 Nf6 4.
g3 Be7 5. Bg2 O-O 6. O-O dxc4 7.
Qc2 a6 8. a4 Bd7 9. Qxc4 Bc6 10. Bf4 Nbd7 11. a5 Bd6 12. Qc1 Qe7 13. Nc3 Rfe8 14. Re1 Ne4 15. Ne5 Bxe5 16. dxe5 Nec5 17. Bxc6 bxc6 18. Qc2 Rab8 19. h4 h6 20. Red1 Rb4 21.
Na2 Rb3 22. Rxd7 Qxd7 23. Qxc5 Rxb2 24. Nc3 Reb8 25. Rd1 Qe8 26. Kg2 Rc2 27. Rc1 Rxc1 28. Bxc1 Rb7 29. Be3 Qd7 30. h5 Kh7 31. Qc4 c5 32. Qxa6 Rb3 33. Qc4 Qc6+ 34. Kh2 Rb4 35. Qxc5 Qxc5 36. Bxc5 Rc4 37. Be7 Rxc3 38. a6 Rc2 39. a7 Ra2 40. Bc5 g5 41. g4 Kg7 42.
Kg3 f6 43. f4 gxf4+ 44. Kxf4 fxe5+ 45. Kxe5 Rxe2+ 46. Kf4 Ra2 47. Ke5 Ra6 48. Ke4 Kf7 49.
Bd4 Ra4 50. Ke5 Ra5+ 51. Ke4 e5 52. Be3 Ke6 53. Kf3 Ra3 54. Ke4 Ra4+ 55. Kf3 c6 56. Kg3 Ra3 57. Kf3 Kd5 58. g5 e4+ 59. Kf2 Ke6 60.
g6 Ra2+ 61. Kg3 Kf6 62. Bd4+ Ke7 63. Kf4 Ra4 64. Kxe4 c5 65. a8=Q Rxa8 66. Bxc5+ Ke6 67. Be3 Ra4+ 68. Kf3 Ra3 69. Ke4 Ra5 70. Bxh6 Re5+ 71. Kf3 Rxh5 72. g7 Kf7 73. Bf4 Kxg7 74. Kg2 Kg6 75. Bh2 Kf5 76. Bg3 Kg4 77. Bf2 Rb5 78. Bg1 Rb2+ 79. Kh1 Kf3 80. Bh2 Kf2 81. Bg1+ Kf1 82.
Bh2 Rb1 83. Bg1 Ke2 84. Kg2 Rb7 85. Kh1 Kf3 86. Bh2 Rh7 87. Kg1 Kg4 88. Kg2 Rd7 89.
Bg1 Rb7 90. Be3 Rb2+ 91. Kh1 Kg3 92. Bd4 Rh2+ 93. Kg1 Re2 94. Kh1 Rh2+ 95. Kg1 Rd2 96. Be5+ Kh3 97. Kf1 Rd5 98. Bc3 Rd1+ 99. Ke2 Rb1 100.
Kf2 Rc1 101. Be5 Rc5 102. Bd4 Rg5 103. Be3 Rg8 104. Kf3 Rf8+ 105. Bf4 Rf7 106. Ke4 Kg4 107. Be3 Re7+ 108. Kd3 Kf3 109. Bc5 Rc7 110. Kd4 Rd7+ 111. Ke5 Rd3 112. Bd4 Rd1 113. Bc5 Re1+ 114. Kd5 Kf4 115. Bd6+ Kf5 116. Bb4 Rd1+ 117. Kc6 Ke5 118. Bc3+ Ke6 119. Bb4 Rc1+ 120. Bc5 Ke5 121. Kb6 Kd5 122. Bf8 Rf1 123. Be7 Rf7 1/2-1/2

[Event "Early-Titled-Tuesday-Blitz-January-16-2024"]
[Site "Chess.com"]
[Date "2024.01.16"]
[Round "5"]
[White "GMSrinath"]
[Black "GHANDEEVAM2003"]
[Result "1/2-1/2"]
[WhiteElo "2835"]
[BlackElo "3003"]
[TimeControl "180+1"]
[EndTime "9:03:04 PST"]
[Termination "Game drawn by 50-move rule"]

1. Nf3 d6 2. d4 g6 3. g3 Bg7 4. Bg2 Nc6 5. O-O Bd7 6. c4 Qc8 7. d5 Ne5 8. Nxe5 Bxe5 9. f4 Bg7 10. Nc3 h5 11. e4 h4 12. f5 gxf5 13. Qf3 Be5 14. Bf4 hxg3 15. Bxe5 gxh2+ 16. Bxh2 c6 17. e5 cxd5 18. Nxd5 e6 19. Ne3 Bc6 20. Qg3 Bxg2 21. Nxg2 Ne7 22. exd6 Rg8 23. Qe3 Qc6 24. Qf3 Qxf3 25.
Rxf3 Nc6 26. Kf2 Kd7 27. Ne3 Rh8 28. Bg3 Nd4 29. Rf4 e5 30. Rxd4 exd4 31. Nxf5 Rac8 32.
b3 b5 33. Rc1 d3 34. Bf4 bxc4 35. bxc4 Rh5 36. Ne3 Ra5 37. Rd1 Rxa2+ 38. Kf3 Ra3 39. Ke4 f5+ 40. Kd4 Re8 41. Nxf5 Rf8 42. Ke4 Re8+ 43.
Ne7 Rf8 44. Be5 Rf2 45. c5 Rc2 46. c6+ Ke6 47. c7 Rc4+ 48. Bd4 Kxd6 49. c8=Q Rxc8 50.
Nxc8+ Kc7 51. Nxa7 Rb3 52. Rxd3 Rb1 53. Rc3+ Kb7 54.
Ra3 Rb4 55. Kd5 Rb1 56. Kc5 Rc1+ 57. Bc3 Rh1 58. Nb5 Rh5+ 59. Kb4 Kc6 60. Ra6+ Kd5 61. Rd6+ Ke4 62. Rd4+ Kf3 63. Nd6 Rh7 64. Ne4 Rc7 65. Nc5 Rf7 66. Rd3+ Kg4 67. Kc4 Rf4+ 68. Bd4 Rf3 69. Rd1 Kh3 70. Rg1 Rg3 71. Re1 Rf3 72.
Ne4 Kg2 73. Re2+ Kf1 74. Ra2 Ke1 75. Bc3+ Kd1 76. Rd2+ Kc1 77. Rh2 Kd1 78. Nf2+ Ke2 79. Ng4+ Kf1 80. Rc2 Rf4+ 81. Bd4 Rxg4 82. Kd3 Rg3+ 83.
Be3 Rf3 84. Ke4 Rh3 85. Kf4 Ke1 86. Ra2 Kf1 87. Ke4 Ke1 88. Rb2 Kf1 89. Bf4 Ke1 90. Rg2 Kf1 91. Rg4 Kf2 92. Be5 Rb3 93. Bd4+ Ke2 94.
Rh4 Rg3 95. Rh2+ Kf1 96. Be3 Rg2 97. Rh8 Ke2 98. Ra8 Rg4+ 99. Bf4 Rg2 100. Ra1 Rf2 101. Rb1 Rg2 102. Rc1 Rf2 103. Bg3 Rg2 104. Kf4 Kd3 105. Ra1 Rc2 106. Kf3 Kc4 107. Ra8 Rc3+ 108. Kf4 Rd3 109. Bf2 Kb5 110. Ke4 Rd7 111. Rb8+ Kc6 112. Bd4 Rb7 113. Rh8 Re7+ 114. Kd3 Rd7 115. Kc4 Rc7 116. Rh6+ Kb7+ 117. Kb5 Rf7 118. Bc5 Rd7 119. Rf6 Rc7 120. Rd6 Rh7 121. Rb6+ Kc8 122. Ra6 Rb7+ 123. Kc6 Rc7+ 124. Kd5 Kb7 125. Ra1 Rd7+ 126. Bd6 Rh7 127. Rb1+ Ka8 128. Kc6 Rf7 129. Rb8+ Ka7 130. Rc8 Ka6 131. Be5 Ka5 1/2-1/2